 Dungeon Crawl Stone Soup version 0.31-a0-217-g58bb5d79cf (webtiles) character file.

Game seed: 18389268251244212239

260 qw the Chopper (level 6, -4/38 HPs)
             Began as a Gargoyle Fighter on July 2, 2023.
             Slain by a gnoll sergeant
             ... wielding a +0 trident
              (11 damage)
             ... on level 4 of the Dungeon.
             The game lasted 00:01:39 (2728 turns).

qw the Chopper (Gargoyle Fighter)                   Turns: 2728, Time: 00:01:39

Health: -4/38      AC: 14    Str: 22    XL:     6   Next: 17%
Magic:  6/6        EV:  8    Int:  8    God:
Gold:   138        SH:  5    Dex: 15    Spells: 5/5 levels left

rFire   . . .        Y - +2 war axe
rCold   . . .        c - +0 buckler
rNeg    + . .        m - +0 chain mail
rPois   inf          (helmet restricted)
rElec   +            (no cloak)
rCorr   .            a - +0 pair of gloves
SInv    +            (no boots)
Will    .....        (no amulet) Stlth
                     h - +6 ring of dexterity
HPRegen 0.26/turn    o - ring of see invisible
MPRegen 0.10/turn

%: no passive effects
@: about to teleport
A: sickness immunity, AC +4, negative energy resistance 1, electricity
resistance, torment resistance 1, petrification resistance, horns 1, MP-powered
wands
a: no special abilities


You were on level 4 of the Dungeon.
You visited 1 branch of the dungeon, and saw 4 of its levels.

You collected 138 gold pieces.


Innate Abilities, Weirdness & Mutations

You are immune to sickness and miasma.
Your stone body is resilient. (AC +4)
You are immune to poison.
You resist negative energy. (rN+)
You are resistant to electric shocks. (rElec)
You are resistant to unholy torment.
You are immune to petrification.
You have a pair of small horns on your head.
You expend magic power (3 MP) to strengthen your wands.


   Skills:
 - Level 4.0 Fighting
 + Level 5.2 Axes
 - Level 3.2 Armour
 - Level 1.0 Dodging
 - Level 3.2 Shields


You had 5 spell levels left.
You didn't know any spells.
Your spell library was empty.

Inventory:

Hand Weapons
 p - a +0 flail
 Y - a +2 war axe (weapon)
Armour
 a - a +0 pair of gloves (worn)
 c - a +0 buckler (worn)
 m - a +0 chain mail (worn)
Jewellery
 h - a +6 ring of dexterity (left hand)
 o - a ring of see invisible (right hand)
Scrolls
 e - a scroll of identify
Potions
 d - 2 potions of might
 f - a potion of mutation
 g - a potion of heal wounds
 i - 2 potions of attraction
 j - 2 potions of curing
 k - a potion of lignification {unknown}
 l - a potion of cancellation {unknown}
 n - a potion of enlightenment {unknown}

Dungeon Overview and Level Annotations

Branches:
Dungeon (4/15)
 Temple: D:4-7

Altars:
Kikubaaqudgha


Message History

A gnoll sergeant comes into view. It is wielding a +0 trident.
You block the gnoll's attack. The gnoll hits you with a +0 spear.
The endoplasm freezes you.
You are frozen.
You block the gnoll's attack.
The gnoll sergeant shouts!
You hit the gnoll.
The gnoll is heavily wounded.
You slash the endoplasm!
You kill the endoplasm!
You block the gnoll's attack. The gnoll hits you but does no damage.
You hit the gnoll.
The gnoll is heavily wounded.
You hit the gnoll. The gnoll hits you with a +0 club.
The gnoll hits you but does no damage. You block the gnoll's attack.
You closely miss the gnoll. You headbutt the gnoll.
The gnoll is almost dead.
You hit the gnoll. The gnoll hits you with a +0 club.
The gnoll hits you but does no damage. x2
You slash the gnoll!
You kill the gnoll!
You barely miss the gnoll. You block the gnoll's attack.
The gnoll hits you with a +0 club.
The gnoll sergeant hits you from afar with a +0 trident.
You block the gnoll's attack. The gnoll hits you but does no damage.
You slash the gnoll!
The gnoll is almost dead.
You block the gnoll's attack. You block the gnoll sergeant's attack.
The gnoll closely misses you.
You closely miss the gnoll. You headbutt the gnoll.
You kill the gnoll!
The gnoll sergeant closely misses you. The gnoll barely misses you.
The gnoll sergeant hits you with a +0 trident!
The gnoll hits you but does no damage.
You see here a +0 club.
2728 ||| READING scroll of teleportation.
As you read the scroll of teleportation, it crumbles to dust.
You feel strangely unstable.
The gnoll sergeant hits you with a +0 trident!
You die...

#...%%# #.....#
####<....#
#........#
.########........##
........#....##...#
........#....##...#
.......g#....##...#
......g@).........#
########))...##...#
#....(.###...#
#.....)# #...#
#..$%.>.......#
#......###......
#.....(# #.......
#......# #......
#......#


You could see a gnoll sergeant and a gnoll.

Vanquished Creatures
  Terence (D:2)
  Natasha (twice) (D:2)
  7 gnolls
  4 adders
  4 worms
  4 dart slugs
  4 ball pythons
  10 bats
  7 endoplasms
  4 giant cockroaches
  2 goblins
  7 hobgoblins
  2 kobolds
  5 quokkas
  5 rats
68 creatures vanquished.

Notes
Turn   | Place    | Note
-------+----------+-------------------------------------------
     0 | D:1      | qw the Gargoyle Fighter began the quest for the Orb.
     0 | D:1      | Reached XP level 1. HP: 14/14 MP: 1/1
     0 | D:1      | 0 ||| qw: Version: 0.3-a-40-ge99b1a8
     0 | D:1      | 0 ||| qw: Game counter: 64
     0 | D:1      | 0 ||| qw: Melee chars always use a shield: true
     0 | D:1      | 0 ||| qw: God list: Okawaru
     0 | D:1      | 0 ||| qw: Allow faded altars: false
     0 | D:1      | 0 ||| qw: Do Orc after clearing Dungeon:15 true
     0 | D:1      | 0 ||| qw: Do second Lair branch before Depths: true
     0 | D:1      | 0 ||| qw: Lair rune preference: random
     0 | D:1      | 0 ||| qw: Goals: Normal, Zot:1-4, Slime:5, God:TSO, Crypt,
                  | Tomb, Abyss, Pan, Hells, Win
     0 | D:1      | 0 ||| PLANNING D:1-11
    53 | D:1      | Reached skill level 2 in Axes
   201 | D:1      | Reached XP level 2. HP: 19/19 MP: 2/2
   329 | D:1      | 329 ||| Stepping ~*~*~tactically~*~*~ (hiding).
   630 | D:1      | Reached skill level 3 in Axes
   634 | D:1      | 634 ||| Stepping ~*~*~tactically~*~*~ (hiding).
   643 | D:1      | Reached XP level 3. HP: 19/23 MP: 3/3
  1026 | D:1      | 1026 ||| UPGRADING to +0 chain mail.
  1036 | D:1      | 1036 ||| DROPPING +0 scale mail.
  1037 | D:1      | 1037 ||| READING scroll labelled JULOFISEED.
  1038 | D:1      | 1038 ||| READING scroll labelled UTELUM VYLON.
  1039 | D:1      | 1039 ||| DRINKING 2 bubbling red potions.
  1040 | D:1      | 1040 ||| DRINKING 2 dark potions.
  1041 | D:1      | 1041 ||| DRINKING 2 ruby potions.
  1042 | D:1      | 1042 ||| DROPPING potion of brilliance.
  1074 | D:2      | 1074 ||| STAIRDANCE
  1090 | D:2      | Identified the +1 dagger of Hard Scrabble {venom, *Noise
                  | rC+ Will+ SInv}
  1105 | D:2      | 1105 ||| DROPPING +0 club.
  1127 | D:2      | Found an ancient bone altar of Kikubaaqudgha.
  1392 | D:2      | Noticed Terence
  1405 | D:2      | Killed Terence
  1406 | D:2      | Reached skill level 4 in Axes
  1406 | D:2      | Reached XP level 4. HP: 25/28 MP: 4/4
  1418 | D:2      | 1418 ||| DROPPING +0 whip.
  1528 | D:2      | Noticed Natasha
  1536 | D:2      | Killed Natasha
  1669 | D:2      | Noticed Natasha
  1670 | D:2      | 1670 ||| Stepping ~*~*~tactically~*~*~ (stealth).
  1671 | D:2      | 1671 ||| Stepping ~*~*~tactically~*~*~ (stealth).
  1807 | D:2      | 1807 ||| UPGRADING to +0 pair of gloves.
  1812 | D:2      | 1812 ||| READING scroll labelled ZOPAMUSCHEM.
  1813 | D:2      | 1813 ||| READING scroll labelled DUUNATHROH.
  1814 | D:2      | 1814 ||| READING scroll labelled SOJAMO XEYLL.
  1815 | D:2      | 1815 ||| READING scroll labelled YSYUKK QAETEIFF.
  1829 | D:2      | Killed Natasha
  1830 | D:2      | Reached XP level 5. HP: 22/32 MP: 5/5
  2115 | D:3      | Found a faded altar of an unknown god.
  2131 | D:3      | Reached skill level 5 in Axes
  2144 | D:3      | HP: 8/32 [gnoll/+0 spear (7)]
  2145 | D:3      | 2145 ||| READING scroll of teleportation.
  2343 | D:3      | 2343 ||| Stepping ~*~*~tactically~*~*~ (stealth).
  2433 | D:3      | 2433 ||| DROPPING +0 mace.
  2470 | D:3      | 2470 ||| READING scroll of enchant weapon.
  2470 | D:3      | 2470 ||| ENCHANTING +1 war axe.
  2625 | D:3      | 2625 ||| UPGRADING to +6 ring of dexterity.
  2626 | D:3      | 2626 ||| UPGRADING to ring of see invisible.
  2627 | D:3      | 2627 ||| DRINKING 2 sedimented red potions.
  2627 | D:3      | Gained mutation: You expend magic power (3 MP) to
                  | strengthen your wands. [potion of mutation]
  2627 | D:3      | Gained mutation: You have a pair of small horns on your
                  | head. [potion of mutation]
  2628 | D:3      | 2628 ||| READING 2 scrolls of identify.
  2628 | D:3      | 2628 ||| IDENTIFYING red potion
  2706 | D:4      | 2706 ||| Stepping ~*~*~tactically~*~*~ (hiding).
  2715 | D:4      | Reached skill level 1 in Dodging
  2715 | D:4      | Reached XP level 6. HP: 34/38 MP: 6/6
  2727 | D:4      | HP: 7/38 [gnoll sergeant/+0 trident (9)]
  2728 | D:4      | 2728 ||| READING scroll of teleportation.
  2728 | D:4      | Slain by a gnoll sergeant

Levels and vault maps discovered:
D:1:      onia_arrival_handbag, layout_loops_corners
D:2:      layout_basic, basic_altar, hex_medium, chequers_serial_rivers_micro_e,
          nicolae_kite_square_tiling_tiny, chequers_serial_rivers_marsh,
          uniq_terence, uniq_natasha
D:3:      layout_loops_ring, hellmonk_ecumenical_altar_arch_garden,
          st_stairs_12, nicolae_wormholes
D:4:      layout_basic

Skill      XL: |  1  2  3  4  5 |
---------------+----------------+-----
Axes           | 2 3 4 5 |  5.2
Fighting       | 4 |  4.0
Dodging        | 1 |  1.0
Armour         | |  3.2
Shields        | |  3.2

Action                     |  1- 3 |  4- 6 || total
---------------------------+-------+-------++-------
  Melee: War axe           |   114 |   119 ||   233
         Headbutt          |       |     5 ||     5
    Use: Potion            |     3 |     1 ||     4
         Scroll            |     2 |     8 ||    10
 Armour: Scale mail        |    40 |       ||    40
         Chain mail        |    17 |    73 ||    90
  Dodge: Dodged            |    44 |    46 ||    90
  Block: Buckler           |    17 |    28 ||    45

Table legend:
 A = Non-vault XP
 B = Vault XP
 C = Vault XP percentage of total XP
 D = Non-vault monster count
 E = Vault monster count
 F = Vault count percentage of total count
                 A         B        C        D         E       F
            +---------+---------+-------+---------+---------+-------
      Total |     277 |      95 |  25.5 |      57 |      11 |  16.2
            +---------+---------+-------+---------+---------+-------
        D:1 |      37 |       6 |  14.0 |      16 |       4 |  20.0
        D:2 |      76 |      71 |  48.3 |      20 |       2 |   9.1
        D:3 |      85 |      13 |  13.3 |      13 |       4 |  23.5
        D:4 |      79 |       5 |   6.0 |       8 |       1 |  11.1
            +---------+---------+-------+---------+---------+-------
